 Dungeon Crawl Stone Soup version 0.24-a0-699-g5a66b1aa3b (webtiles) character file.

Game seed: 9375735389340951649, levelgen mode: deterministic

69 Brecoman the Gusty (level 4, -4/24 HPs)
             Began as a Tengu Air Elementalist on Sept 29, 2019.
             Slain by a centaur (9 damage)
             ... on level 2 of the Dungeon.
             The game lasted 00:05:34 (2504 turns).

Brecoman the Gusty (Tengu Air Elementalist)         Turns: 2504, Time: 00:05:35

Health: -4/24      AC:  2    Str:  8    XL:     4   Next: 20%
Magic:  5/8        EV: 13    Int: 16    God:
Gold:   101        SH:  0    Dex: 15    Spells: 7/8 levels left

rFire    . . .     SeeInvis .   e - +0 whip
rCold    . . .     Gourm    .   (no shield)
rNeg     . . .     Faith    .   a - +0 robe
rPois    .         Spirit   .   (helmet restricted)
rElec    .         Reflect  .   (no cloak)
rCorr    .         Harm     .   (no gloves)
MR       .....                  (boots unavailable)
Stlth    ++........             (no amulet)
HPRegen  0.08/turn              (no ring)
MPRegen  0.11/turn              (no ring)

@: very slightly contaminated
A: beak, talons 3
a: no special abilities


You were on level 2 of the Dungeon.
You were not hungry.

You visited 1 branch of the dungeon, and saw 2 of its levels.

You collected 101 gold pieces.

Inventory:

Hand Weapons
 e - a +0 whip (weapon)
Missiles
 d - 63 stones (quivered)
Armour
 a - a +0 robe (worn)
Jewellery
 h - an uncursed ring of positive energy {unknown}
 j - an uncursed amulet of faith {unknown}
Scrolls
 b - 2 scrolls of amnesia {unknown}
 f - 4 scrolls of fog {unknown}
 g - 2 scrolls of identify {unknown}
 i - 2 scrolls of fear {unknown}
 o - a scroll of magic mapping {unknown}
Potions
 l - 2 potions of cancellation {unknown}
 m - 2 potions of agility {unknown}
 n - a potion of curing {unknown}
Comestibles
 c - 6 rations
 k - a chunk of flesh


   Skills:
 + Level 2.8 Dodging
 - Level 2.0 Stealth
 + Level 2.5 Spellcasting
 + Level 2.5 Conjurations
 * Level 5.2 Air Magic


You had 7 spell levels left.
You knew the following spells:

 Your Spells              Type           Power        Failure   Level  Hunger
a - Shock                 Conj/Air       ##..         4%          1    #......

Your spell library contained the following spells:

 Spells                   Type           Power        Failure   Level  Hunger
 Swiftness                Chrm/Air       ##......     11%         2    ##.....
 Static Discharge         Conj/Air       ##......     12%         3    ###....
 Airstrike                Air            ###.......   22%         4    #####..
 Lightning Bolt           Conj/Air       ##........   73%         5    ######.


Dungeon Overview and Level Annotations

Branches:
Dungeon (2/15)

Altars:


Innate Abilities, Weirdness & Mutations

You have a beak for a mouth.
You have claws for feet.


Message History

* * * LOW HITPOINT WARNING * * *
Casting: Shock (safe; 4% risk of failure)
Confirm with . or Enter, or press ? or * to list all spells.
Aiming: Shock (safe; 4% risk of failure)
Press: ? - help, Shift-Dir - straight line You miscast Shock.
You are very lightly contaminated with residual magic.
Nothing appears to happen.
The centaur misses you.
Casting: Shock (safe; 4% risk of failure)
Confirm with . or Enter, or press ? or * to list all spells.
Aiming: Shock (safe; 4% risk of failure)
Press: ? - help, Shift-Dir - straight line The zap hits the centaur.
The centaur is moderately wounded.
The zap hits the centaur but does no damage.
The centaur is moderately wounded.
The centaur hits you.
* * * LOW HITPOINT WARNING * * *
The centaur hits you!
You die...

#..##..#..#..#.#.
#..##).#÷.#..#.#.
#..##.##.##.##.#.
#..#.)#..#..#..#.
#..#..#..#..#÷##.
#..#..#..#..#.##.
#.....#.....#.##.
#####..##########.##.
#..c@.((......#......
#......######..÷###..
#......# ##..# #..
#......# #..# #..
#......# ######>###..
#.................#..
........##########.##.
#######.# #.... ###..


You could see a centaur.

Vanquished Creatures
  An adder (D:2)
  3 dart slugs
  4 leopard geckos
  5 bats
  2 giant cockroaches (D:1)
  4 hobgoblins
  4 jackals (D:1)
  A quokka (D:2)
  A ball python (D:2)
  A frilled lizard (D:2)
  4 goblins
  10 kobolds
  8 rats
48 creatures vanquished.

Notes
Turn   | Place    | Note
-------+----------+-------------------------------------------
     0 | D:1      | Brecoman the Tengu Air Elementalist began the quest for the
                  | Orb.
     0 | D:1      | Reached XP level 1. HP: 10/10 MP: 4/4
   147 | D:1      | Reached XP level 2. HP: 15/15 MP: 1/6
   551 | D:1      | Reached XP level 3. HP: 15/19 MP: 3/7
  1849 | D:2      | Reached skill level 5 in Air Magic
  2145 | D:2      | Noticed a centaur
  2301 | D:2      | Reached XP level 4. HP: 20/24 MP: 5/8
  2504 | D:2      | Slain by a centaur

Levels and vault maps discovered:
D:1:      minmay_arrival_widening_spiral_wide, layout_loops_ring
D:2:      minmay_angry_zag, layout_basic, nicolae_overflow_hidden_temple,
          first_ration

Skill      XL: |  1  2  3 |
---------------+----------+-----
Conjurations   | 2 |  2.5
Air Magic      | 5 |  5.2
Dodging        | |  2.8
Stealth        | |  2.0
Spellcasting   | |  2.5

Action                   |  1- 3 |  4- 6 || total
-------------------------+-------+-------++-------
Melee: Whip              |    91 |     6 ||    97
       Peck              |     8 |     4 ||    12
       Kick              |    12 |       ||    12
 Cast: Shock             |    41 |     3 ||    44
 Stab: Sleeping          |     1 |       ||     1
  Eat: Chunk             |     5 |     1 ||     6
Armor: Robe              |    14 |     1 ||    15
Dodge: Dodged            |    77 |     9 ||    86

Table legend:
 A = Non-vault XP
 B = Vault XP
 C = Vault XP percentage of total XP
 D = Non-vault monster count
 E = Vault monster count
 F = Vault count percentage of total count
                 A         B        C        D         E       F
            +---------+---------+-------+---------+---------+-------
      Total |      91 |       8 |   8.1 |      44 |       4 |   8.3
            +---------+---------+-------+---------+---------+-------
        D:1 |      47 |       0 |   0.0 |      26 |       0 |   0.0
        D:2 |      44 |       8 |  15.4 |      18 |       4 |  18.2
            +---------+---------+-------+---------+---------+-------
